AoeStats
← JellyGolem

Arena

507204398Analyzed
3v3 RM · 17d ago on Sep 17, 2026· 43m 10s· 6 players
Game mode
Random Map
Map size
Normal (6 player)
Population
200
Speed
Normal
Resources
Standard
Victory
Conquest
Starting age
Dark Age
Ending age
Imperial Age
RankedLock teamsTeams togetherTeam positionsShared explorationLock speedFull tech treeHidden civsTurbo modeCheats
Victory
Defeat
🇺🇸 Vietnamese · United States
1001
+9
🇺🇸 Turks · United States
934
+12
🇺🇸 Celts · United States
843
+27
🇵🇪 Turks · Peru
865
-13
🇦🇷 Britons · Argentina
819
-11
🇵🇷 Bohemians · Puerto Rico
815
-11
danielrojaslaw
0:28 Loom
13:00 Feudal Age
14:19 Wheelbarrow
13:47 Double-Bit Axe
14:06 Horse Collar
21:26 Castle Age
21:22 Forging
21:13 Scale Mail Armor
21:04 Fletching
21:14 Padded Archer Armor
21:21 Scale Barding Armor
23:25 Heavy Plow
27:44 Bow Saw
33:24 Imperial Age
32:43 Iron Casting
32:23 Chain Mail Armor
32:29 Chain Barding Armor
32:04 Bodkin Arrow
32:25 Leather Archer Armor
32:13 Caravan
33:27 Hand Cart
32:55 Pikeman
32:55 Man-at-Arms
33:36 Squires
33:22 Arson
33:27 Crossbowman
33:27 Elite Skirmisher
34:03 Cavalier
34:44 Husbandry
35:56 Blast Furnace
35:26 Plate Mail Armor
36:38 Halberdier
36:39 Long Swordsman
39:44 Bracer
40:14 Ring Archer Armor
41:29 Chemistry
40:50 Ballistics
40:20 Elite Hussite Wagon
shamir1993
0:35 Loom
9:51 Loom
12:28 Feudal Age
14:24 Gold Mining
15:03 Double-Bit Axe
15:49 Horse Collar
16:18 Stone Mining
16:54 Man-at-Arms
17:23 Arson
17:57 Scale Mail Armor
21:02 Forging
28:00 Castle Age
26:09 Scale Barding Armor
29:59 Wheelbarrow
29:52 Heavy Plow
30:28 Gold Shaft Mining
30:06 Bow Saw
31:02 Murder Holes
34:49 Imperial Age
33:04 Treadmill Crane
33:35 Fortified Wall
36:46 Hand Cart
37:37 Two-Man Saw
39:04 Town Watch
40:12 Conscription
40:30 Fervor
40:32 Artillery
42:53 Squires
General
0:37 Loom
12:41 Feudal Age
14:26 Wheelbarrow
15:03 Man-at-Arms
19:01 Fletching
22:46 Gold Mining
24:13 Man-at-Arms
25:34 Forging
29:29 Castle Age
27:50 Scale Mail Armor
28:40 Stone Mining
28:55 Horse Collar
30:16 Double-Bit Axe
30:20 Horse Collar
30:38 Bodkin Arrow
31:19 Iron Casting
31:53 Gold Shaft Mining
32:19 Sanctity
31:43 Long Swordsman
33:04 Pikeman
34:51 Scale Barding Armor
34:46 Crossbowman
34:47 Elite Skirmisher
thermal_bull
3:59 Loom
11:16 Feudal Age
12:01 Man-at-Arms
12:28 Man-at-Arms
13:35 Forging
13:16 Arson
18:00 Town Watch
18:06 Horse Collar
18:13 Double-Bit Axe
18:36 Stone Mining
19:46 Fletching
19:59 Scale Mail Armor
24:17 Castle Age
27:46 Wheelbarrow
28:06 Bow Saw
27:57 Heavy Plow
28:54 Iron Casting
28:15 Bodkin Arrow
28:42 Stone Mining
30:45 Chain Mail Armor
31:01 Ballistics
30:37 Murder Holes
39:14 Imperial Age
39:15 Onager
41:11 Blast Furnace
JellyGolem
11:12 Feudal Age
12:40 Double-Bit Axe
12:37 Horse Collar
13:05 Gold Mining
20:39 Castle Age
18:43 Stone Mining
20:40 Fletching
20:51 Padded Archer Armor
21:20 Bloodlines
21:52 Heavy Plow
22:38 Gold Shaft Mining
22:43 Fervor
23:17 Wheelbarrow
22:54 Husbandry
24:57 Hand Cart
25:30 Bodkin Arrow
26:57 Town Watch
26:57 Loom
28:32 Leather Archer Armor
29:27 Devotion
29:41 Bow Saw
30:57 Town Patrol
31:08 Scale Barding Armor
31:13 Forging
35:09 Imperial Age
33:17 Iron Casting
34:28 Ballistics
33:49 Treadmill Crane
34:20 Masonry
34:05 Murder Holes
34:21 Fortified Wall
37:22 Architecture
37:15 Bombard Tower
38:47 Ring Archer Armor
38:17 Bracer
38:38 Chain Barding Armor
39:19 Blast Furnace
mmill105
11:09 Feudal Age
12:01 Double-Bit Axe
12:31 Horse Collar
14:37 Wheelbarrow
19:55 Castle Age
18:40 Gold Mining
18:43 Stone Mining
19:10 Fletching
21:11 Hand Cart
22:29 Heavy Plow
22:30 Bodkin Arrow
24:13 Loom
24:14 Town Watch
24:56 Bow Saw
25:25 Stone Shaft Mining
26:25 Padded Archer Armor
26:31 Scale Barding Armor
26:28 Scale Mail Armor
26:38 Forging
26:43 Elite Skirmisher
27:31 Thumb Ring
30:56 Leather Archer Armor
31:17 Iron Casting
32:04 Bloodlines
31:55 Husbandry
37:42 Imperial Age
37:07 Chatras
38:56 Paper Money
40:40 Hoardings
41:55 Elite Rattan Archer
Connection lost

Rejoining the realm…

Still unreachable

The connection could not be restored.

Session expired

The server has moved on; the page needs a fresh start.